[ AOE2 MATCH · #475172872 ]
Team RMKoreans vs Franks
[ REPLAY ANALYSIS · EXTRACTED FROM THE RECORDED GAME ]
Feudal
15:25
Castle
21:22
Imperial
39:45
| APM avg | 17.5 |
| APM peak | 76 |
| eAPM avg | 14.6 |
| Villagers / military | 75 / 173 |
Focus
⚔️ 39.8% · 🌾 60.2%
Spearman ×145 · War Wagon ×24 · Fishing Ship ×7 · Trebuchet (Packed) ×3 · Turtle Ship ×1
Feudal
13:34
Castle
22:44
Imperial
39:31
| APM avg | 17.5 |
| APM peak | 44 |
| eAPM avg | 14.1 |
| Villagers / military | 117 / 111 |
Focus
⚔️ 27.0% · 🌾 73.0%
Archer ×58 · Berserk ×27 · Fishing Ship ×14 · Trebuchet (Packed) ×9 · Mangonel ×7 · Militia ×3
Feudal
15:17
Castle
22:36
Imperial
48:03
| APM avg | 13.3 |
| APM peak | 58 |
| eAPM avg | 8.0 |
| Villagers / military | 58 / 106 |
Focus
⚔️ 46.1% · 🌾 53.9%
Tarkan ×54 · Militia ×28 · Mangonel ×12 · Trade Cog ×8 · Fishing Ship ×7 · Spearman ×6
Feudal
15:50
Castle
26:32
Imperial
48:12
| APM avg | 11.8 |
| APM peak | 27 |
| eAPM avg | 8.8 |
| Villagers / military | 107 / 48 |
Focus
⚔️ 28.5% · 🌾 71.5%
Knight ×32 · Fishing Ship ×13 · Throwing Axeman ×9 · Scout Cavalry ×7
Match map
Initial resources + every placement click. Lines = walls · curves = elevation contours. ◆ gold · ⬟ stone · ● berries · ✦ relic · ◌ wall gap
Your base· Open — unwalled flank
Lænsmannj's base· Open — 7t gap
SWITCHBLADE VO's base· Open — unwalled flank
Xenomorph Dalek's base· Open — 10t gap
Smoothed initial terrain · ◌ = detected wall gap · hover for details
Inputs per minute
— Kaos - - Lænsmannj
Build order — Kaos
First 150 of 359 actions detected
| 1:07 | Build | Town Center |
| 2:23 | Build | House |
| 2:25 | Build | House |
| 2:31 | Build | House |
| 3:20 | Create | Villager (Male) |
| 3:20 | Create | Villager (Male) |
| 3:20 | Create | Villager (Male) |
| 3:21 | Create | Villager (Male) |
| 3:21 | Create | Villager (Male) |
| 5:15 | Create | Villager (Male) |
| 5:15 | Create | Villager (Male) |
| 6:18 | Create | Villager (Male) |
| 6:18 | Create | Villager (Male) |
| 6:53 | Build | Mill |
| 7:14 | Create | Villager (Male) |
| 7:15 | Create | Villager (Male) |
| 7:56 | Create | Villager (Male) |
| 7:56 | Create | Villager (Male) |
| 7:56 | Create | Villager (Male) |
| 7:56 | Create | Villager (Male) |
| 8:30 | Create | Villager (Male) |
| 8:46 | Create | Villager (Male) |
| 9:28 | Create | Villager (Male) |
| 9:29 | Create | Villager (Male) |
| 9:39 | Build | House |
| 9:42 | Build | House |
| 9:53 | Create | Villager (Male) |
| 9:56 | Create | Villager (Male) |
| 11:02 | Build | Lumber Camp |
| 12:09 | Build | Farm |
| 12:10 | Build | Farm |
| 12:10 | Build | Farm |
| 12:10 | Build | Farm |
| 13:15 | Research | Feudal Age |
| 13:43 | Build | Dock |
| 15:25 | Age | Feudal Age |
| 15:42 | Research | Horse Collar |
| 15:47 | Create | Villager (Male) |
| 15:47 | Create | Villager (Male) |
| 15:47 | Create | Villager (Male) |
| 15:48 | Create | Villager (Male) |
| 15:48 | Create | Villager (Male) |
| 15:48 | Create | Villager (Male) |
| 15:48 | Create | Villager (Male) |
| 15:49 | Create | Villager (Male) |
| 15:49 | Create | Villager (Male) |
| 16:33 | Build | Blacksmith |
| 16:36 | Build | Market |
| 16:55 | Build | Market |
| 17:46 | Research | Double-Bit Axe |
| 17:52 | Build | House |
| 17:54 | Build | House |
| 18:37 | Research | Castle Age |
| 18:51 | Build | Barracks |
| 19:08 | Create | Fishing Ship |
| 19:08 | Create | Fishing Ship |
| 19:08 | Create | Fishing Ship |
| 19:50 | Build | Stone Wall |
| 20:05 | Build | Stone Wall |
| 20:27 | Research | Man-at-Arms (upgrade) |
| 20:36 | Research | Arson |
| 20:42 | Create | Fishing Ship |
| 20:42 | Create | Fishing Ship |
| 20:42 | Create | Fishing Ship |
| 20:42 | Create | Fishing Ship |
| 20:54 | Research | Wheelbarrow |
| 21:22 | Age | Castle Age |
| 21:35 | Build | Mill |
| 23:46 | Research | Heavy Plow |
| 23:58 | Build | House |
| 23:59 | Build | House |
| 24:01 | Build | House |
| 24:04 | Build | House |
| 24:08 | Create | Villager (Male) |
| 24:09 | Create | Villager (Male) |
| 24:09 | Create | Villager (Male) |
| 24:09 | Create | Villager (Male) |
| 24:10 | Create | Villager (Male) |
| 24:10 | Create | Villager (Male) |
| 24:10 | Create | Villager (Male) |
| 24:10 | Create | Villager (Male) |
| 24:11 | Create | Villager (Male) |
| 24:11 | Create | Villager (Male) |
| 24:11 | Create | Villager (Male) |
| 24:12 | Create | Villager (Male) |
| 24:12 | Create | Villager (Male) |
| 24:12 | Create | Villager (Male) |
| 24:13 | Create | Villager (Male) |
| 24:32 | Build | Gate |
| 25:01 | Build | Mining Camp |
| 25:41 | Build | Town Center |
| 26:04 | Build | Farm |
| 26:58 | Research | Hand Cart |
| 27:43 | Build | Barracks |
| 27:48 | Build | Barracks |
| 27:50 | Build | Barracks |
| 27:52 | Build | Barracks |
| 27:53 | Build | Barracks |
| 27:56 | Build | Barracks |
| 28:10 | Create | Villager (Male) |
| 28:10 | Create | Villager (Male) |
| 28:10 | Create | Villager (Male) |
| 28:11 | Create | Villager (Male) |
| 28:11 | Create | Villager (Male) |
| 28:12 | Create | Villager (Male) |
| 28:12 | Create | Villager (Male) |
| 28:12 | Create | Villager (Male) |
| 28:12 | Create | Villager (Male) |
| 28:25 | Build | Farm |
| 28:34 | Build | Farm |
| 28:38 | Build | Farm |
| 28:42 | Build | House |
| 28:56 | Build | Farm |
| 29:15 | Research | Arson |
| 29:16 | Research | Squires |
| 29:20 | Research | Gambesons |
| 29:21 | Research | Man-at-Arms (upgrade) |
| 29:21 | Research | Pikeman (upgrade) |
| 29:39 | Build | Farm |
| 29:39 | Build | Farm |
| 29:40 | Build | Farm |
| 29:40 | Build | Farm |
| 29:40 | Build | Farm |
| 29:40 | Build | Farm |
| 29:52 | Create | Villager (Male) |
| 29:53 | Create | Villager (Male) |
| 29:53 | Create | Villager (Male) |
| 29:54 | Create | Villager (Male) |
| 29:54 | Create | Villager (Male) |
| 30:19 | Build | Lumber Camp |
| 30:45 | Build | Stone Wall |
| 30:51 | Build | House |
| 31:24 | Create | Spearman |
| 31:25 | Create | Spearman |
| 31:25 | Create | Spearman |
| 31:25 | Create | Spearman |
| 31:26 | Create | Spearman |
| 31:26 | Create | Spearman |
| 31:26 | Create | Spearman |
| 31:27 | Create | Spearman |
| 31:27 | Create | Spearman |
| 31:27 | Create | Spearman |
| 31:27 | Create | Spearman |
| 31:28 | Create | Spearman |
| 31:28 | Create | Spearman |
| 31:30 | Create | Spearman |
| 31:30 | Create | Spearman |
| 31:30 | Create | Spearman |
| 31:41 | Build | Gate |
| 31:59 | Build | Castle |
Build order — Lænsmannj
First 150 of 341 actions detected
| 0:36 | Build | Town Center |
| 1:28 | Build | House |
| 1:29 | Build | House |
| 2:47 | Create | Villager (Male) |
| 2:47 | Create | Villager (Male) |
| 2:48 | Create | Villager (Male) |
| 2:48 | Create | Villager (Male) |
| 2:48 | Create | Villager (Male) |
| 3:24 | Build | Lumber Camp |
| 4:01 | Create | Villager (Male) |
| 4:02 | Create | Villager (Male) |
| 4:41 | Create | Villager (Male) |
| 4:41 | Create | Villager (Male) |
| 5:09 | Create | Villager (Male) |
| 5:45 | Create | Villager (Male) |
| 5:46 | Create | Villager (Male) |
| 6:43 | Create | Villager (Male) |
| 6:44 | Create | Villager (Male) |
| 6:56 | Build | House |
| 7:04 | Build | House |
| 7:08 | Build | House |
| 7:15 | Create | Villager (Male) |
| 7:15 | Create | Villager (Male) |
| 7:25 | Create | Villager (Male) |
| 7:26 | Create | Villager (Male) |
| 9:12 | Build | Mill |
| 9:29 | Create | Villager (Male) |
| 9:29 | Create | Villager (Male) |
| 9:30 | Create | Villager (Male) |
| 10:22 | Build | Barracks |
| 10:40 | Build | House |
| 11:24 | Research | Feudal Age |
| 11:54 | Build | Dock |
| 12:18 | Research | Loom |
| 12:18 | Create | Villager (Male) |
| 12:20 | Create | Villager (Male) |
| 12:44 | Build | Mining Camp |
| 12:48 | Create | Fishing Ship |
| 12:49 | Create | Fishing Ship |
| 13:34 | Age | Feudal Age |
| 13:39 | Research | Tech 906 |
| 13:51 | Create | Villager (Male) |
| 13:52 | Create | Villager (Male) |
| 13:52 | Create | Villager (Male) |
| 14:49 | Create | Spearman |
| 14:49 | Create | Spearman |
| 14:55 | Research | Man-at-Arms (upgrade) |
| 15:00 | Create | Villager (Male) |
| 15:00 | Create | Villager (Male) |
| 15:06 | Create | Fishing Ship |
| 15:06 | Create | Fishing Ship |
| 15:21 | Create | Villager (Male) |
| 15:21 | Create | Villager (Male) |
| 15:52 | Create | Fishing Ship |
| 15:53 | Create | Fishing Ship |
| 16:18 | Create | Villager (Male) |
| 16:18 | Create | Villager (Male) |
| 16:18 | Create | Villager (Male) |
| 16:24 | Research | Double-Bit Axe |
| 16:50 | Build | House |
| 16:51 | Build | House |
| 16:52 | Build | House |
| 16:56 | Build | House |
| 17:12 | Build | Watch Tower |
| 17:28 | Create | Villager (Male) |
| 17:29 | Create | Villager (Male) |
| 17:44 | Create | Fishing Ship |
| 17:49 | Research | Gold Mining |
| 18:21 | Build | Market |
| 18:39 | Build | Blacksmith |
| 18:52 | Create | Villager (Male) |
| 19:51 | Create | Militia |
| 19:51 | Create | Militia |
| 20:04 | Research | Castle Age |
| 20:18 | Research | Horse Collar |
| 20:43 | Build | Dock |
| 20:54 | Create | Militia |
| 21:03 | Research | Scale Mail Armor |
| 21:04 | Research | Forging |
| 21:42 | Create | Fishing Ship |
| 21:43 | Create | Fishing Ship |
| 21:47 | Create | Fishing Ship |
| 22:06 | Build | Farm |
| 22:06 | Build | Farm |
| 22:06 | Build | Farm |
| 22:07 | Build | Farm |
| 22:07 | Build | Farm |
| 22:07 | Build | Farm |
| 22:07 | Build | Farm |
| 22:08 | Build | Farm |
| 22:09 | Create | Villager (Male) |
| 22:10 | Create | Villager (Male) |
| 22:10 | Create | Villager (Male) |
| 22:42 | Create | Fishing Ship |
| 22:44 | Age | Castle Age |
| 22:48 | Research | Gillnets |
| 23:18 | Build | Farm |
| 23:23 | Research | Heavy Plow |
| 23:49 | Build | Castle |
| 24:04 | Research | Gold Shaft Mining |
| 24:06 | Research | Stone Mining |
| 24:20 | Create | Longboat |
| 24:27 | Research | Pikeman (upgrade) |
| 24:29 | Research | Squires |
| 24:42 | Create | Villager (Male) |
| 24:43 | Create | Villager (Male) |
| 24:43 | Create | Villager (Male) |
| 25:06 | Build | House |
| 25:08 | Build | House |
| 25:28 | Build | University |
| 25:51 | Create | Villager (Male) |
| 25:51 | Create | Villager (Male) |
| 25:52 | Create | Villager (Male) |
| 25:56 | Research | Bow Saw |
| 26:10 | Build | Stable |
| 26:18 | Build | House |
| 26:20 | Build | House |
| 26:21 | Build | House |
| 26:22 | Build | House |
| 26:25 | Build | House |
| 26:28 | Build | House |
| 26:34 | Create | Villager (Male) |
| 26:34 | Create | Villager (Male) |
| 26:35 | Create | Villager (Male) |
| 27:07 | Create | Berserk |
| 27:07 | Create | Berserk |
| 27:13 | Create | Villager (Male) |
| 27:26 | Build | Town Center |
| 28:12 | Build | Siege Workshop |
| 28:17 | Research | Treadmill Crane |
| 28:37 | Create | Villager (Male) |
| 28:37 | Create | Villager (Male) |
| 28:38 | Create | Villager (Male) |
| 28:38 | Create | Villager (Male) |
| 28:38 | Create | Villager (Male) |
| 28:38 | Create | Villager (Male) |
| 28:47 | Build | Dock |
| 29:16 | Create | Battering Ram |
| 29:25 | Build | Town Center |
| 29:27 | Create | Villager (Male) |
| 29:27 | Create | Villager (Male) |
| 29:27 | Create | Villager (Male) |
| 29:28 | Create | Villager (Male) |
| 29:28 | Create | Villager (Male) |
| 29:42 | Build | House |
| 29:44 | Build | House |
| 29:54 | Create | Battering Ram |
| 29:57 | Create | Berserk |
| 29:57 | Create | Berserk |
| 29:58 | Create | Berserk |
Build order — SWITCHBLADE VO
First 150 of 259 actions detected
| 2:43 | Build | Town Center |
| 4:36 | Create | Villager (Male) |
| 4:37 | Create | Villager (Male) |
| 4:37 | Create | Villager (Male) |
| 4:37 | Create | Villager (Male) |
| 4:37 | Create | Villager (Male) |
| 5:44 | Create | Villager (Male) |
| 6:15 | Create | Villager (Male) |
| 7:15 | Create | Villager (Male) |
| 7:50 | Create | Villager (Male) |
| 7:59 | Create | Villager (Male) |
| 8:23 | Create | Villager (Male) |
| 9:01 | Create | Villager (Male) |
| 9:02 | Create | Villager (Male) |
| 9:02 | Create | Villager (Male) |
| 9:55 | Build | Dock |
| 10:05 | Create | Villager (Male) |
| 10:06 | Create | Villager (Male) |
| 10:06 | Create | Villager (Male) |
| 10:39 | Create | Villager (Male) |
| 10:39 | Create | Villager (Male) |
| 10:40 | Research | Loom |
| 10:55 | Build | Mining Camp |
| 11:05 | Build | Mining Camp |
| 11:48 | Create | Fishing Ship |
| 13:07 | Research | Feudal Age |
| 13:21 | Create | Fishing Ship |
| 14:41 | Build | Lumber Camp |
| 15:17 | Age | Feudal Age |
| 15:20 | Create | Villager (Male) |
| 15:20 | Create | Villager (Male) |
| 15:21 | Create | Villager (Male) |
| 15:27 | Research | Double-Bit Axe |
| 15:59 | Build | Barracks |
| 16:05 | Create | Villager (Male) |
| 16:05 | Create | Villager (Male) |
| 17:07 | Build | Stable |
| 17:37 | Build | Dock |
| 18:40 | Build | Archery Range |
| 18:48 | Build | Blacksmith |
| 18:52 | Create | Fishing Ship |
| 19:23 | Research | Tech 906 |
| 19:29 | Create | Fishing Ship |
| 19:53 | Build | Gate |
| 19:56 | Research | Castle Age |
| 20:24 | Build | Stone Wall |
| 21:02 | Create | Fishing Ship |
| 21:14 | Create | Scout Cavalry |
| 21:16 | Research | Bloodlines |
| 21:22 | Research | Man-at-Arms (upgrade) |
| 21:26 | Research | Arson |
| 21:45 | Build | Gate |
| 22:17 | Research | Scale Barding Armor |
| 22:36 | Age | Castle Age |
| 22:48 | Build | Town Center |
| 23:07 | Create | Villager (Male) |
| 23:08 | Create | Villager (Male) |
| 23:08 | Create | Villager (Male) |
| 23:08 | Create | Villager (Male) |
| 23:53 | Research | Bow Saw |
| 24:23 | Create | Villager (Male) |
| 24:38 | Build | Siege Workshop |
| 24:58 | Build | Lumber Camp |
| 25:08 | Build | Monastery |
| 25:12 | Create | Villager (Male) |
| 25:12 | Create | Villager (Male) |
| 25:13 | Create | Villager (Male) |
| 25:27 | Create | Villager (Male) |
| 25:28 | Create | Villager (Male) |
| 26:00 | Build | University |
| 26:09 | Build | Mill |
| 26:39 | Build | Stone Wall |
| 26:49 | Create | Villager (Male) |
| 26:49 | Create | Villager (Male) |
| 26:53 | Research | Forging |
| 27:03 | Create | Monk |
| 27:03 | Create | Monk |
| 27:08 | Research | Horse Collar |
| 27:25 | Build | Gate |
| 27:41 | Build | Stone Wall |
| 28:00 | Build | Gate |
| 28:24 | Research | Heavy Plow |
| 28:39 | Build | Mining Camp |
| 28:43 | Create | Villager (Male) |
| 28:43 | Create | Villager (Male) |
| 29:11 | Build | Dock |
| 29:20 | Create | Villager (Male) |
| 30:05 | Build | Lumber Camp |
| 30:28 | Create | Villager (Male) |
| 30:29 | Create | Villager (Male) |
| 30:53 | Build | Town Center |
| 30:59 | Research | Gillnets |
| 31:00 | Create | Fishing Ship |
| 31:01 | Create | Fishing Ship |
| 31:34 | Research | Husbandry |
| 31:38 | Build | Farm |
| 31:41 | Create | Villager (Male) |
| 31:41 | Create | Villager (Male) |
| 31:45 | Create | Villager (Male) |
| 31:45 | Create | Villager (Male) |
| 32:11 | Build | Farm |
| 32:20 | Build | Farm |
| 32:46 | Build | Castle |
| 32:52 | Build | Farm |
| 33:01 | Build | Farm |
| 33:23 | Create | Mangonel |
| 33:24 | Create | Mangonel |
| 33:24 | Create | Mangonel |
| 33:49 | Research | Iron Casting |
| 33:53 | Create | Villager (Male) |
| 33:54 | Create | Villager (Male) |
| 34:07 | Research | Long Swordsman (upgrade) |
| 34:08 | Research | Squires |
| 34:11 | Create | Spearman |
| 34:13 | Create | Spearman |
| 34:13 | Create | Spearman |
| 34:13 | Create | Spearman |
| 34:14 | Create | Spearman |
| 34:14 | Create | Spearman |
| 34:30 | Build | Barracks |
| 34:45 | Create | Villager (Male) |
| 34:51 | Build | Farm |
| 35:03 | Create | Trade Cog |
| 35:03 | Create | Trade Cog |
| 35:04 | Create | Trade Cog |
| 35:04 | Create | Trade Cog |
| 35:05 | Create | Trade Cog |
| 35:22 | Build | Farm |
| 35:55 | Build | Farm |
| 36:11 | Create | Militia |
| 36:12 | Create | Militia |
| 36:12 | Create | Militia |
| 36:12 | Create | Militia |
| 36:12 | Create | Militia |
| 36:13 | Create | Militia |
| 36:13 | Create | Militia |
| 36:20 | Build | Farm |
| 36:25 | Build | Farm |
| 36:32 | Build | Farm |
| 36:35 | Build | Farm |
| 36:41 | Build | Farm |
| 36:49 | Create | Tarkan |
| 36:50 | Create | Tarkan |
| 36:50 | Create | Tarkan |
| 36:50 | Create | Tarkan |
| 36:51 | Create | Tarkan |
| 36:51 | Create | Tarkan |
| 36:51 | Create | Tarkan |
| 36:51 | Create | Tarkan |
| 36:52 | Create | Tarkan |
Build order — Xenomorph Dalek
First 150 of 280 actions detected
| 1:54 | Build | Town Center |
| 3:36 | Create | Villager (Male) |
| 3:36 | Create | Villager (Male) |
| 3:36 | Create | Villager (Male) |
| 3:36 | Create | Villager (Male) |
| 3:48 | Build | House |
| 4:27 | Build | House |
| 5:11 | Create | Villager (Male) |
| 5:47 | Create | Villager (Male) |
| 6:18 | Create | Villager (Male) |
| 6:22 | Create | Villager (Male) |
| 6:55 | Create | Villager (Male) |
| 7:46 | Create | Villager (Male) |
| 7:46 | Create | Villager (Male) |
| 8:07 | Build | Dock |
| 8:09 | Create | Villager (Male) |
| 8:36 | Build | House |
| 8:39 | Create | Villager (Male) |
| 8:50 | Create | Fishing Ship |
| 9:19 | Create | Villager (Male) |
| 9:21 | Create | Villager (Male) |
| 9:28 | Build | House |
| 9:32 | Create | Fishing Ship |
| 9:51 | Create | Villager (Male) |
| 10:03 | Build | Palisade Gate |
| 10:38 | Build | Palisade Wall |
| 10:41 | Create | Villager (Male) |
| 10:41 | Create | Villager (Male) |
| 10:50 | Build | Mill |
| 12:03 | Create | Villager (Male) |
| 12:03 | Create | Villager (Male) |
| 12:04 | Create | Villager (Male) |
| 12:33 | Create | Fishing Ship |
| 12:35 | Create | Fishing Ship |
| 12:43 | Create | Villager (Male) |
| 13:08 | Build | House |
| 13:15 | Research | Loom |
| 13:29 | Research | Feudal Age |
| 14:25 | Build | Lumber Camp |
| 14:43 | Create | Villager (Male) |
| 15:18 | Create | Fishing Ship |
| 15:50 | Age | Feudal Age |
| 15:52 | Create | Villager (Male) |
| 16:09 | Research | Double-Bit Axe |
| 16:27 | Build | House |
| 16:40 | Create | Villager (Male) |
| 16:41 | Create | Villager (Male) |
| 16:44 | Create | Fishing Ship |
| 17:20 | Build | Farm |
| 17:21 | Build | Farm |
| 17:45 | Create | Villager (Male) |
| 17:45 | Create | Villager (Male) |
| 17:46 | Create | Villager (Male) |
| 17:50 | Create | Fishing Ship |
| 17:50 | Create | Fishing Ship |
| 17:54 | Build | Farm |
| 18:15 | Build | Blacksmith |
| 18:30 | Research | Tech 906 |
| 18:46 | Build | House |
| 18:49 | Research | Wheelbarrow |
| 18:59 | Build | House |
| 19:08 | Create | Villager (Male) |
| 19:34 | Create | Villager (Male) |
| 19:42 | Build | Mining Camp |
| 19:51 | Build | Palisade Gate |
| 20:04 | Create | Villager (Male) |
| 20:07 | Create | Fishing Ship |
| 20:28 | Build | Barracks |
| 20:50 | Build | Mill |
| 20:56 | Create | Villager (Male) |
| 20:57 | Create | Villager (Male) |
| 20:59 | Create | Fishing Ship |
| 21:23 | Build | House |
| 21:28 | Build | House |
| 21:48 | Create | Villager (Male) |
| 21:51 | Create | Fishing Ship |
| 22:05 | Build | Palisade Wall |
| 22:09 | Build | Palisade Wall |
| 22:14 | Build | Palisade Wall |
| 22:17 | Create | Villager (Male) |
| 22:46 | Build | Stable |
| 22:54 | Build | Farm |
| 23:02 | Create | Villager (Male) |
| 23:25 | Build | Lumber Camp |
| 23:27 | Create | Villager (Male) |
| 23:48 | Build | Palisade Wall |
| 23:51 | Research | Castle Age |
| 24:11 | Build | Stable |
| 24:15 | Create | Villager (Male) |
| 24:22 | Create | Fishing Ship |
| 24:22 | Create | Fishing Ship |
| 24:38 | Build | Palisade Wall |
| 24:43 | Create | Scout Cavalry |
| 24:43 | Create | Scout Cavalry |
| 24:48 | Create | Scout Cavalry |
| 24:54 | Research | Gold Mining |
| 24:55 | Research | Stone Mining |
| 25:18 | Build | House |
| 25:44 | Create | Villager (Male) |
| 26:12 | Build | Dock |
| 26:27 | Build | House |
| 26:29 | Create | Villager (Male) |
| 26:29 | Create | Villager (Male) |
| 26:32 | Age | Castle Age |
| 26:49 | Create | Villager (Male) |
| 27:00 | Build | Town Center |
| 27:09 | Build | Town Center |
| 27:48 | Build | University |
| 27:55 | Research | Bow Saw |
| 28:01 | Build | Lumber Camp |
| 28:29 | Research | Scale Barding Armor |
| 28:30 | Research | Forging |
| 29:04 | Create | Knight |
| 29:04 | Create | Knight |
| 29:04 | Create | Knight |
| 29:04 | Create | Knight |
| 29:15 | Create | Villager (Male) |
| 29:16 | Research | Hand Cart |
| 29:19 | Create | Villager (Male) |
| 29:19 | Create | Villager (Male) |
| 29:20 | Create | Villager (Male) |
| 29:20 | Create | Villager (Male) |
| 29:20 | Create | Villager (Male) |
| 29:21 | Create | Villager (Male) |
| 29:39 | Create | Villager (Male) |
| 29:39 | Create | Villager (Male) |
| 29:40 | Create | Villager (Male) |
| 29:40 | Create | Villager (Male) |
| 29:46 | Build | Farm |
| 29:49 | Build | Farm |
| 30:07 | Create | Villager (Male) |
| 30:08 | Create | Villager (Male) |
| 30:08 | Create | Villager (Male) |
| 30:14 | Research | Iron Casting |
| 30:15 | Research | Chain Barding Armor |
| 30:37 | Build | Palisade Wall |
| 30:40 | Create | Villager (Male) |
| 30:40 | Create | Villager (Male) |
| 30:41 | Create | Villager (Male) |
| 30:41 | Create | Villager (Male) |
| 30:45 | Build | Farm |
| 30:45 | Build | Farm |
| 31:29 | Build | Siege Workshop |
| 31:34 | Build | House |
| 31:40 | Build | Farm |
| 31:41 | Build | Farm |
| 31:44 | Research | Ballistics |
| 31:54 | Build | Farm |
| 31:55 | Build | Farm |
| 31:59 | Create | Villager (Male) |
Match timeline
| 8:07 | Xenomorph Dalek · first_building Dock |
| 9:55 | SWITCHBLADE VO · first_building Dock |
| 10:22 | Lænsmannj · first_building Barracks |
| 10:38 | Xenomorph Dalek · wall_segment Palisade Wall x3 |
| 11:54 | Lænsmannj · first_building Dock |
| 13:34 | Lænsmannj · age_up feudal |
| 13:43 | Kaos · first_building Dock |
| 15:17 | SWITCHBLADE VO · age_up feudal |
| 15:25 | Kaos · age_up feudal |
| 15:50 | Xenomorph Dalek · age_up feudal |
| 15:59 | SWITCHBLADE VO · first_building Barracks |
| 17:07 | SWITCHBLADE VO · first_building Stable |
| 18:12 | Kaos · first_market_sell 100 wood |
| 18:25 | Kaos · first_market_buy 100 food |
| 18:40 | SWITCHBLADE VO · first_building Archery Range |
| 18:51 | Kaos · first_building Barracks |
| 19:50 | Kaos · wall_segment Stone Wall x4 |
| 19:56 | Lænsmannj · first_market_buy 100 food |
| 20:05 | Kaos · wall_segment Stone Wall x8 |
| 20:24 | SWITCHBLADE VO · wall_segment Stone Wall x8 |
| 20:28 | Xenomorph Dalek · first_building Barracks |
| 21:22 | Kaos · age_up castle |
| 22:05 | Xenomorph Dalek · wall_segment Palisade Wall x4 |
| 22:09 | Xenomorph Dalek · wall_segment Palisade Wall x6 |
| 22:14 | Xenomorph Dalek · wall_segment Palisade Wall x2 |
| 22:36 | SWITCHBLADE VO · age_up castle |
| 22:44 | Lænsmannj · age_up castle |
| 22:46 | Xenomorph Dalek · first_building Stable |
| 23:48 | Xenomorph Dalek · wall_segment Palisade Wall x6 |
| 23:49 | Lænsmannj · first_building Castle |
| 24:38 | Xenomorph Dalek · wall_segment Palisade Wall x6 |
| 24:38 | SWITCHBLADE VO · first_building Siege Workshop |
| 25:08 | SWITCHBLADE VO · first_building Monastery |
| 26:10 | Lænsmannj · first_building Stable |
| 26:32 | Xenomorph Dalek · age_up castle |
| 26:39 | SWITCHBLADE VO · wall_segment Stone Wall x17 |
| 27:41 | SWITCHBLADE VO · wall_segment Stone Wall x12 |
| 28:12 | Lænsmannj · first_building Siege Workshop |
| 30:37 | Xenomorph Dalek · wall_segment Palisade Wall x3 |
| 30:45 | Kaos · wall_segment Stone Wall x6 |
| 31:29 | Xenomorph Dalek · first_building Siege Workshop |
| 31:59 | Kaos · first_building Castle |
| 32:46 | SWITCHBLADE VO · first_building Castle |
| 36:04 | Lænsmannj · first_building Archery Range |
| 38:01 | Xenomorph Dalek · first_building Castle |
| 39:31 | Lænsmannj · age_up imperial |
| 39:45 | Kaos · age_up imperial |
| 45:06 | Lænsmannj · first_building Monastery |
| 45:23 | Lænsmannj · first_market_sell 100 stone |
| 48:03 | SWITCHBLADE VO · age_up imperial |
| 48:12 | Xenomorph Dalek · age_up imperial |
| 48:41 | Xenomorph Dalek · resign |
[ AI ANALYSIS · 1 CREDIT ]
What really happened in this match?
Wolo.gg analyzes every decision: build order, eco, micro, common mistakes by bracket. Personalized analysis on WhatsApp or Discord in 30 seconds.
Civ guide
Koreans
Map guide
Nomad
Perfil
Kaos